 Dungeon Crawl Stone Soup version 0.31-a0-204-g7da18cac08 (webtiles) character file.

Game seed: 2451879211416705729

149 qw the Skirmisher (level 5, -3/29 HPs)
             Began as a Deep Elf Hunter on June 27, 2023.
             Slain by a gnoll
             ... wielding a +0 flail
             ... led by a gnoll bouda
              (10 damage)
             ... on level 4 of the Dungeon.
             The game lasted 00:01:01 (2269 turns).

qw the Skirmisher (Deep Elf Hunter)                 Turns: 2269, Time: 00:01:01

Health: -3/29      AC:  5    Str: 10    XL:     5   Next: 9%
Magic:  7/7        EV: 16    Int: 14    God:
Gold:   229        SH:  5    Dex: 18    Spells: 4/4 levels left

rFire   . . .        Y - +0 shortbow
rCold   . . .        (shield currently unavailable)
rNeg    . . .        d - +0 ring mail
rPois   .            (no helmet)
rElec   .            (no cloak)
rCorr   .            (no gloves)
SInv    +            (no boots)
Will    .....        k - amulet of reflection
Stlth   +            i - +5 ring of evasion
HPRegen 0.24/turn    f - ring of see invisible
MPRegen 0.10/turn

%: reflection
@: about to teleport
A: no striking features
a: no special abilities


You were on level 4 of the Dungeon.
You visited 1 branch of the dungeon, and saw 4 of its levels.

You collected 229 gold pieces.


   Skills:
 - Level 1.5 Fighting
 + Level 8.5 Ranged Weapons
 - Level 2.4 Dodging
 - Level 1.2 Stealth


You had 4 spell levels left.
You didn't know any spells.
Your spell library was empty.

Inventory:

Hand Weapons
 Y - a +0 shortbow (weapon)
Armour
 d - a +0 ring mail (worn)
Jewellery
 f - a ring of see invisible (right hand)
 i - a +5 ring of evasion (left hand)
 k - an amulet of reflection (around neck)
Scrolls
 a - 3 scrolls of identify
 b - a scroll of teleportation
 g - a scroll of blinking {unknown}
Potions
 c - a potion of cancellation
 e - a potion of haste

Dungeon Overview and Level Annotations

Branches:
Dungeon (4/15)
 Temple: D:4-7

Altars:
Qazlal
Xom
Yredelemnul

Shops:
D:3 (

Annotations:
D:3 1 runed translucent door, Crazy Yiuf


Message History

A gnoll comes into view. It is wielding a +0 flail.
You block the gnoll bouda's attack. The gnoll misses you.
You shoot an arrow.
The arrow closely misses the gnoll bouda.
The gnoll bouda completely misses you. The gnoll barely misses you.
You block the gnoll bouda's attack.
A gnoll comes into view. It is wielding a +0 club.
You shoot an arrow.
The arrow closely misses the gnoll bouda.
The gnoll misses you.
The gnoll bouda barks out a call to the hunt!
The gnolls pick up the pace!
The gnoll misses you.
You shoot an arrow. The arrow hits the gnoll bouda.
The gnoll bouda is severely wounded.
The gnoll hits you with a +0 flail. The gnoll bouda barely misses you.
The gnoll hits you with a +0 whip.
You shoot an arrow.
The arrow completely misses the gnoll bouda.
The gnoll closely misses you. You block the gnoll's attack.
You block the gnoll bouda's attack. You block the gnoll's attack.
You shoot an arrow. The arrow hits the gnoll bouda!
You kill the gnoll bouda!
The gnoll hits you with a +0 flail! You block the gnoll's attack.
The gnoll closely misses you.
You feel your strength returning.
You have reached level 5!
You shoot an arrow.
The arrow hits the gnoll but does no damage.
The gnoll closely misses you. x2; You block the gnoll's attack.
The gnoll misses you. The gnoll hits you but does no damage.
You shoot an arrow. The arrow hits the gnoll.
The gnoll is moderately wounded.
The gnoll hits you with a +0 whip. The gnoll barely misses you. x2
2269 ||| READING 2 scrolls of teleportation.
As you read the scroll of teleportation, it crumbles to dust.
You feel strangely unstable. The gnoll closely misses you.
You block the gnoll's attack. The gnoll hits you with a +0 flail!
You die...

#+# #.# #.# ##.##
##...##
#.....#####
#..g......
#.########@)# .
#........#gg###...
########........#
###.%#####.#
#).......#
#.######## #.# ###
#.## ..# #####..##
#####


You could see 3 gnolls.

Vanquished Creatures
  A gnoll bouda (D:4)
  3 adders
  3 worms
  2 dart slugs
  9 orcs
  4 ball pythons
  7 endoplasms
  3 giant cockroaches
  5 goblins
  6 hobgoblins
  3 bats
  5 frilled lizards
  12 kobolds
  9 rats
72 creatures vanquished.

Notes
Turn   | Place    | Note
-------+----------+-------------------------------------------
     0 | D:1      | qw the Deep Elf Hunter began the quest for the Orb.
     0 | D:1      | Reached XP level 1. HP: 12/12 MP: 3/3
     0 | D:1      | 0 ||| qw: Version: 0.3-a-22-g0ed2b0b
     0 | D:1      | 0 ||| qw: Game counter: 6446
     0 | D:1      | 0 ||| qw: Melee chars always use a shield: true
     0 | D:1      | 0 ||| qw: God list: Okawaru
     0 | D:1      | 0 ||| qw: Allow faded altars: false
     0 | D:1      | 0 ||| qw: Do Orc after clearing Dungeon:15 true
     0 | D:1      | 0 ||| qw: Do second Lair branch before Depths: true
     0 | D:1      | 0 ||| qw: Lair rune preference: random
     0 | D:1      | 0 ||| qw: Goals: Normal
     0 | D:1      | 0 ||| PLANNING D:1-11
    67 | D:1      | Reached XP level 2. HP: 11/16 MP: 4/4
    71 | D:1      | Reached skill level 6 in Ranged Weapons
   490 | D:1      | 490 ||| UPGRADING to +0 ring mail.
   500 | D:1      | 500 ||| DROPPING +0 leather armour.
   501 | D:1      | 501 ||| UPGRADING to +5 ring of evasion.
   502 | D:1      | 502 ||| READING scroll labelled ROMYANT BAGEAF.
   503 | D:1      | 503 ||| READING scroll labelled HEICENG REACYO.
   504 | D:1      | 504 ||| DRINKING 2 murky dark potions.
   505 | D:1      | 505 ||| DROPPING scroll of butterflies.
   506 | D:1      | 506 ||| DROPPING potion of degeneration.
   549 | D:2      | Reached XP level 3. HP: 20/20 MP: 5/5
   773 | D:2      | Reached skill level 7 in Ranged Weapons
  1041 | D:2      | 1041 ||| READING 3 scrolls labelled BYUL INUAL.
  1046 | D:2      | 1046 ||| READING scroll labelled WOKES EJICSAF.
  1047 | D:2      | 1047 ||| READING 3 scrolls of identify.
  1047 | D:2      | 1047 ||| IDENTIFYING inky potion
  1048 | D:2      | 1048 ||| READING 2 scrolls of identify.
  1048 | D:2      | 1048 ||| IDENTIFYING coppery potion
  1049 | D:2      | 1049 ||| DROPPING potion of berserk rage.
  1107 | D:3      | Found a stormy altar of Qazlal.
  1107 | D:3      | Noticed an air elemental
  1109 | D:3      | Noticed a water elemental
  1109 | D:3      | Noticed an earth elemental
  1109 | D:3      | Noticed a fire elemental
  1215 | D:3      | Reached XP level 4. HP: 22/25 MP: 6/6
  1243 | D:3      | Found a shimmering altar of Xom.
  1293 | D:3      | Found Xophocs's Weapon Boutique.
  1559 | D:3      | Identified the +5 mace of Seczy {vamp, SInv}
  1711 | D:3      | Found a faded altar of an unknown god.
  1775 | D:3      | Found a runed translucent door.
  1776 | D:3      | Noticed Crazy Yiuf
  1864 | D:3      | Found a basalt altar of Yredelemnul.
  1958 | D:3      | 1958 ||| UPGRADING to amulet of reflection.
  1963 | D:3      | 1963 ||| UPGRADING to ring of see invisible.
  1964 | D:3      | 1964 ||| READING scroll labelled LEYNWI TAYCLO.
  1965 | D:3      | 1965 ||| READING scroll labelled ATIMOO PEFREU.
  1966 | D:3      | 1966 ||| DRINKING 2 emerald potions.
  1985 | D:3      | 1985 ||| READING 6 scrolls of identify.
  1985 | D:3      | 1985 ||| IDENTIFYING cyan potion
  1986 | D:3      | 1986 ||| READING 5 scrolls of identify.
  1986 | D:3      | 1986 ||| IDENTIFYING ruby potion
  1987 | D:3      | 1987 ||| READING 4 scrolls of identify.
  1987 | D:3      | 1987 ||| IDENTIFYING puce potion
  1988 | D:3      | 1988 ||| DROPPING potion of attraction.
  1989 | D:3      | 1989 ||| DROPPING potion of lignification.
  1990 | D:3      | 1990 ||| DROPPING potion of invisibility.
  2102 | D:4      | Reached skill level 8 in Ranged Weapons
  2267 | D:4      | Reached XP level 5. HP: 12/29 MP: 7/7
  2268 | D:4      | HP: 7/29 [gnoll/+0 whip[a gnoll bouda] (6)]
  2269 | D:4      | 2269 ||| READING 2 scrolls of teleportation.
  2269 | D:4      | Slain by a gnoll

Levels and vault maps discovered:
D:1:      dpeg_arrival_tiny_f, layout_basic
D:2:      layout_basic
D:3:      layout_loops_cross, nicolae_qazlal_style_of_elements,
          mainiacjoe_overflow_alcove_2, lemuel_tele_altar,
          hellmonk_ecumenical_altar_arch_garden, serial_shops,
          nicolae_square_shop, minmay_pentangle, uniq_crazy_yiuf_cottage
D:4:      layout_loops_corners, minmay_misc_feat_doors

Skill      XL: |  1  2  3  4 |
---------------+-------------+-----
Ranged Weapons | 6 7 8 |  8.5
Fighting       | |  1.5
Dodging        | |  2.4
Stealth        | |  1.2

Action                     |  1- 3 |  4- 6 || total
---------------------------+-------+-------++-------
   Fire: Shortbow          |   131 |    84 ||   215
    Use: Scroll            |     6 |     6 ||    12
         Potion            |     1 |     1 ||     2
 Armour: Leather armour    |     4 |       ||     4
         Ring mail         |     6 |    11 ||    17
  Dodge: Dodged            |    38 |    36 ||    74
  Block: Other             |       |    10 ||    10

Table legend:
 A = Non-vault XP
 B = Vault XP
 C = Vault XP percentage of total XP
 D = Non-vault monster count
 E = Vault monster count
 F = Vault count percentage of total count
                 A         B        C        D         E       F
            +---------+---------+-------+---------+---------+-------
      Total |     205 |       9 |   4.2 |      68 |       4 |   5.6
            +---------+---------+-------+---------+---------+-------
        D:1 |      39 |       0 |   0.0 |      23 |       0 |   0.0
        D:2 |      37 |       0 |   0.0 |      14 |       0 |   0.0
        D:3 |      40 |       9 |  18.4 |      19 |       4 |  17.4
        D:4 |      89 |       0 |   0.0 |      12 |       0 |   0.0
            +---------+---------+-------+---------+---------+-------
